 Dungeon Crawl Stone Soup version bcrawl-1.12.2 (webtiles) character file.

Game seed: 17205520886039830204

649 Ebbett the Slasher (level 7, -9/60 HPs)
             Began as a Gnoll Berserker on July 22, 2019.
             Was a Priest of Trog.
             Mangled by an ogre
             ... wielding a +0 giant club
              (14 damage)
             ... on level 4 of the Dungeon.
             The game lasted 00:36:49 (3395 turns).

Ebbett the Slasher (Gnoll Berserker)                Turns: 3395, Time: 00:36:50

Health: -9/60      AC:  6    Str: 22    XL:     7   Next: 53%
Magic:  19/19      EV: 14    Int:  9    God:    Trog [***...]
Gold:   307        SH:  0    Dex: 14    Spells: 11/11 levels left

rFire    . . .     SeeInvis .   l - +1 scythe
rCold    . . .     Gourm    .   (shield currently unavailable)
rNeg     . . .     Faith    .   b - +0 leather armour
rPois    .         Spirit   .   v - +0 helmet
rElec    .         Reflect  .   (no cloak)
rCorr    .         Harm     .   (no gloves)
MR       .....                  f - +0 pair of boots
Stlth    ++........             (no amulet)
HPRegen  0.20/turn              n - ring of magical power
MPRegen  0.16/turn              (no ring)

@: no status effects
A: distributed training, fangs 1, strong nose
a: Berserk, Trog's Hand, Renounce Religion


You were on level 4 of the Dungeon.
You worshipped Trog.
Trog was most pleased with you.
You were very hungry.

You visited 1 branch of the dungeon, and saw 4 of its levels.

You collected 307 gold pieces.

Inventory:

Hand Weapons
 a - a cursed -3 mace
 j - a +1 falchion of holy wrath
 l - a +1 scythe (weapon)
Missiles
 i - 94 silver javelins (quivered)
Armour
 b - a +0 leather armour (worn)
 f - a +0 pair of boots (worn)
 m - a +0 chain mail
 o - a +0 scale mail
 v - a +0 helmet (worn)
Jewellery
 n - a ring of magical power (left hand)
Wands
 q - a wand of iceblast (12)
Scrolls
 d - a scroll of remove curse
 e - 7 scrolls of identify
 h - 2 scrolls of enchant armour
Potions
 k - a potion of brilliance
Comestibles
 c - 9 rations {!d}


   Skills:
 + Level 7.0 Fighting
 + Level 2.5 Short Blades
 + Level 7.0 Long Blades
 + Level 2.5 Axes
 + Level 2.5 Maces & Flails
 + Level 2.5 Polearms
 + Level 2.5 Staves
 + Level 2.5 Slings
 + Level 2.5 Bows
 + Level 2.5 Crossbows
 + Level 2.5 Throwing
 + Level 5.2 Armour
 + Level 5.2 Dodging
 + Level 2.5 Stealth
 + Level 2.5 Shields
 + Level 2.5 Unarmed Combat
 + Level 2.5 Spellcasting
 + Level 2.0 Conjurations
 + Level 2.0 Hexes
 + Level 2.0 Charms
 + Level 2.0 Summonings
 + Level 2.0 Necromancy
 + Level 2.0 Translocations
 + Level 2.0 Transmutations
 + Level 2.0 Fire Magic
 + Level 2.0 Ice Magic
 + Level 2.0 Air Magic
 + Level 2.0 Earth Magic
 + Level 2.0 Poison Magic
 + Level 2.8 Invocations
 + Level 2.5 Evocations


You had 11 spell levels left.
You didn't know any spells.
Your spell library was empty.

Dungeon Overview and Level Annotations

Branches:
Dungeon (4/12)
 Temple: D:4-7

Altars:
Cheibriados
Lugonu
Wu Jian
Xom


Innate Abilities, Weirdness & Mutations

Your experience applies equally to all skills.
You have very sharp teeth.
Your uncanny sense of smell can sniff out nearby items.


Message History

Press: ? - help, Shift-Dir - straight line, f - ogre
Aim: an ogre, wielding a +0 giant club You throw a silver javelin.
The silver javelin barely misses the ogre.
The ogre barely misses you.
Throwing (i - inventory)
i - 96 silver javelins (quivered)
Press: ? - help, Shift-Dir - straight line, f/p - ogre
Aim: an ogre, wielding a +0 giant club You throw a silver javelin.
The silver javelin hits the ogre.
The ogre is lightly wounded.
The ogre hits you with a +0 giant club!!
* * * LOW HITPOINT WARNING * * *
The ogre closely misses you.
Throwing (i - inventory)
i - 95 silver javelins (quivered)
Press: ? - help, Shift-Dir - straight line, f/p - ogre
Aim: an ogre, wielding a +0 giant club (lightly wounded)
You throw a silver javelin. The silver javelin hits the ogre.
The ogre is lightly wounded.
The ogre hits you with a +0 giant club!
You die...

#. #.#..# ∆ ##### #
#.#..# #.#..# ## #.#..#
#. ######## #. #..#...#
#. #......#.### #.
#a#####O#........ #.
........@.###.### #.
.....##.#.# .# #.. ##
#### #.#.# #.# #.. #.#.#
#.# ..# #.#.# #.# .. ###
#.#.# #.# #.####
....##.#'###.# #..##.
..............####+##.##.
.....##...............÷..


You could see an ogre and a worker ant (wandering).

Vanquished Creatures
  Sigmund (D:3)
  A bullfrog (D:4)
  A howler monkey (D:4)
  An orc wizard (D:3)
  A centaur skeleton (D:3)
  2 orc priests (D:3)
  Jessica (D:2)
  An iguana (D:4)
  A worker ant (D:4)
  A hound skeleton (D:3)
  5 adders
  3 oozes
  An adder skeleton (D:4)
  5 worms
  3 dart slugs
  4 leopard geckos
  16 orcs (D:3)
  4 giant cockroaches
  6 goblins
  13 hobgoblins
  2 jackals (D:1)
  2 quokkas (D:3)
  A ball python (D:1)
  7 bats
  5 frilled lizards
  8 kobolds
  10 rats
106 creatures vanquished.

Vanquished Creatures (others)
  An adder (D:3)
  A giant cockroach (D:3)
  A frilled lizard (D:3)
3 creatures vanquished.

Grand Total: 109 creatures vanquished

Notes
Turn   | Place    | Note
-------+----------+-------------------------------------------
     0 | D:1      | Ebbett the Gnoll Berserker began the quest for the Orb.
     0 | D:1      | Reached XP level 1. HP: 23/23 MP: 1/1
    32 | D:1      | Reached XP level 2. HP: 2/29 MP: 2/2
    67 | D:1      | HP: 1/29 [dart slug/slug dart (4)]
   342 | D:1      | Reached XP level 3. HP: 23/35 MP: 3/3
   453 | D:1      | Reached skill level 1 in Invocations
   662 | D:1      | Reached ** piety under Trog
   741 | D:2      | Reached skill level 1 in Short Blades
   741 | D:2      | Reached skill level 1 in Axes
   741 | D:2      | Reached skill level 1 in Maces & Flails
   741 | D:2      | Reached skill level 1 in Polearms
   741 | D:2      | Reached skill level 1 in Staves
   741 | D:2      | Reached skill level 1 in Slings
   741 | D:2      | Reached skill level 1 in Bows
   741 | D:2      | Reached skill level 1 in Crossbows
   741 | D:2      | Reached skill level 1 in Throwing
   741 | D:2      | Reached skill level 1 in Stealth
   741 | D:2      | Reached skill level 1 in Shields
   741 | D:2      | Reached skill level 1 in Unarmed Combat
   741 | D:2      | Reached skill level 1 in Spellcasting
   741 | D:2      | Reached skill level 1 in Evocations
   741 | D:2      | Reached XP level 4. HP: 41/41 MP: 5/5
   798 | D:2      | Found a bloodstained altar of Trog.
   800 | D:2      | Found a glowing golden altar of the Shining One.
   800 | D:2      | Found a shimmering altar of Xom.
   802 | D:2      | Found a burning altar of Makhleb.
   802 | D:2      | Found an ornate altar of the Wu Jian Council.
   802 | D:2      | Found a bloodstained altar of Trog.
  1119 | D:2      | Found a corrupted altar of Lugonu.
  1222 | D:2      | Noticed Jessica
  1247 | D:2      | Killed Jessica
  1247 | D:2      | Reached skill level 1 in Conjurations
  1247 | D:2      | Reached skill level 1 in Hexes
  1247 | D:2      | Reached skill level 1 in Charms
  1247 | D:2      | Reached skill level 1 in Summonings
  1247 | D:2      | Reached skill level 1 in Necromancy
  1247 | D:2      | Reached skill level 1 in Translocations
  1247 | D:2      | Reached skill level 1 in Transmutations
  1247 | D:2      | Reached skill level 1 in Fire Magic
  1247 | D:2      | Reached skill level 1 in Ice Magic
  1247 | D:2      | Reached skill level 1 in Air Magic
  1247 | D:2      | Reached skill level 1 in Earth Magic
  1247 | D:2      | Reached skill level 1 in Poison Magic
  1415 | D:2      | Found a faded altar of an unknown god.
  1608 | D:2      | Reached XP level 5. HP: 43/47 MP: 6/6
  1609 | D:2      | Found an ornate altar of the Wu Jian Council.
  1727 | D:3      | Noticed Sigmund
  1973 | D:3      | Killed Sigmund
  1973 | D:3      | Reached skill level 5 in Armour
  1973 | D:3      | Reached skill level 5 in Dodging
  1973 | D:3      | Reached XP level 6. HP: 37/53 MP: 9/9
  2036 | D:3      | Found a snail-covered altar of Cheibriados.
  2231 | D:3      | Reached XP level 7. HP: 35/59 MP: 10/10
  2322 | D:3      | Reached *** piety under Trog
  3107 | D:4      | HP: 2/60 [iguana (5)]
  3395 | D:4      | Mangled by an ogre

Skill      XL: |  1  2  3  4  5  6  7 |
---------------+----------------------+-----
Invocations    | 1 2 |  2.8
Short Blades   | 1 2 |  2.5
Axes           | 1 2 |  2.5
Maces & Flails | 1 2 |  2.5
Polearms       | 1 2 |  2.5
Staves         | 1 2 |  2.5
Slings         | 1 2 |  2.5
Bows           | 1 2 |  2.5
Crossbows      | 1 2 |  2.5
Throwing       | 1 2 |  2.5
Stealth        | 1 2 |  2.5
Shields        | 1 2 |  2.5
Unarmed Combat | 1 2 |  2.5
Spellcasting   | 1 2 |  2.5
Evocations     | 1 2 |  2.5
Conjurations   | 1 2 |  2.0
Hexes          | 1 2 |  2.0
Charms         | 1 2 |  2.0
Summonings     | 1 2 |  2.0
Necromancy     | 1 2 |  2.0
Translocations | 1 2 |  2.0
Transmutations | 1 2 |  2.0
Fire Magic     | 1 2 |  2.0
Ice Magic      | 1 2 |  2.0
Air Magic      | 1 2 |  2.0
Earth Magic    | 1 2 |  2.0
Poison Magic   | 1 2 |  2.0
Armour         | 5 |  5.2
Dodging        | 5 |  5.2
Fighting       | 7 |  7.0
Long Blades    | 7 |  7.0

Action                   |  1- 3 |  4- 6 |  7- 9 || total
-------------------------+-------+-------+-------++-------
Melee: Falchion          |    72 |   121 |       ||   193
       Bite              |     7 |    28 |    13 ||    48
       Scythe            |       |    55 |    95 ||   150
Throw: Javelin           |    27 |     5 |     3 ||    35
  Use: Scroll            |       |     4 |     4 ||     8
       Potion            |       |     3 |     2 ||     5
 Stab: Sleeping          |       |     1 |     2 ||     3
  Eat: Chunk             |       |     4 |       ||     4
       Ration            |       |       |     1 ||     1
Armor: Animal skin       |     8 |       |       ||     8
       Scale mail        |       |    57 |     6 ||    63
       Leather armour    |       |       |    19 ||    19
       Chain mail        |       |       |    19 ||    19
Dodge: Dodged            |    61 |   147 |   128 ||   336
Block: Other             |     6 |     4 |       ||    10
